[Event "Titled Tuesday Blitz February 21 Early 2023"]
[White "Weetik, Vjacheslav"]
[Black "Ramirez Allo, Eduardo"]
[WhiteFideId "4153472"]
[BlackFideId "2224178"]
[WhiteElo "2423"]
[BlackElo "2274"]
[Result "1-0"]
[Round "10"]
[TimeControl "180+2"]
[Date "2023.02.21"]
[WhiteClock "0:00:05"]
[BlackClock "0:00:02"]

1. d4 Nf6 2. c4 c5 3. e3 g6 4. Nc3 Bg7 5. d5 d6 6. Nf3 O-O 7. h3 a6 8. a4 Nbd7 9. e4 Ne8 10. Be2 Nc7 11. O-O Rb8 12. Bf4 b5 13. axb5 axb5 14. cxb5 Bxc3 15. bxc3 Nxb5 16. Qd2 f6 17. Bh6 Re8 18. Nh2 Ne5 19. Be3 Bd7 20. f4 Nf7 21. Ng4 Ra8 22. Rab1 Qa5 23. Rbc1 Reb8 24. e5 Bxg4 25. Bxg4 Na3 26. Qe2 Qb5 27. Qf2 Nc4 28. Be6 Nxe3 29. Qxe3 Rb7 30. f5 dxe5 31. fxg6 hxg6 32. Qh6 Qd3 33. Rf3 Qe4 34. Rg3 g5 35. h4 Rb1 36. hxg5 Rxc1+ 37. Kh2 Qh7 38. Qxh7+ Kxh7 39. g6+ Kh6 40. gxf7 1-0


[Site "https://www.chess.com"]

[Event "Titled Tuesday Blitz February 21 Early 2023"]
[White "Alex_Sahakyan2006"]
[Black "Arencibia Monduy, Antonio"]
[BlackFideId "3507939"]
[WhiteElo "2664"]
[BlackElo "2122"]
[Result "1-0"]
[Round "10"]
[TimeControl "180+2"]
[Date "2023.02.21"]
[WhiteClock "0:00:23"]
[BlackClock "0:00:01"]

1. Nf3 d5 2. g3 g6 3. Bg2 Bg7 4. c4 c6 5. d4 Nf6 6. Nc3 O-O 7. cxd5 cxd5 8. Ne5 Nc6 9. Nxc6 bxc6 10. O-O Qb6 11. Na4 Qb5 12. b3 Nd7 13. Ba3 Re8 14. Rc1 e5 15. dxe5 Rxe5 16. Bb2 Re8 17. Bxg7 Kxg7 18. Qd4+ Kg8 19. e3 Bb7 20. Rc2 a5 21. Rfc1 Qb4 22. Qb2 Rac8 23. Bh3 f5 24. a3 Qd6 25. Nc5 Ba8 26. Nxd7 Qxd7 27. Rc5 Qa7 28. Qd4 Rb8 29. R1c3 Qb6 30. Bg2 Qd8 31. h4 h5 32. Kh2 Kh7 33. b4 axb4 34. axb4 Re7 35. Ra5 Bb7 36. Ra7 Ra8 37. Rca3 Rxa7 38. Rxa7 Bc8 39. Ra8 Qc7 40. Qc5 Rf7 41. Ra3 Bb7 42. Rc3 Qd7 43. Rd3 Qe7 44. Qd4 Qf6 45. Qf4 Qe7 46. Rb3 Qc7 47. Qd4 Ba6 48. Rc3 Bb5 49. Bxd5 Rd7 50. Qc5 Qd8 51. Bxc6 1-0


[Site "https://www.chess.com"]

[Event "Titled Tuesday Blitz February 21 Early 2023"]
[White "Garv Gaur"]
[Black "Belozerov, Andrei"]
[WhiteFideId "45030839"]
[BlackFideId "4120213"]
[WhiteElo "2006"]
[BlackElo "2461"]
[Result "1-0"]
[Round "10"]
[TimeControl "180+2"]
[Date "2023.02.21"]
[WhiteClock "0:00:06"]
[BlackClock "0:00:03"]

1. Nf3 d5 2. g3 Bg4 3. Bg2 Nd7 4. d4 Ngf6 5. c4 e6 6. cxd5 exd5 7. O-O c6 8. Ne5 Be6 9. Nd3 Be7 10. Nc3 O-O 11. Nf4 Qb6 12. b3 Rae8 13. Na4 Qd8 14. Bb2 Bf5 15. Rc1 Bd6 16. Nd3 Ne4 17. e3 Qe7 18. Ndc5 Ndf6 19. Ba3 Ng4 20. Qf3 g6 21. h3 Ngxf2 22. Rxf2 Nxf2 23. Qxf2 b6 24. g4 Bc8 25. Nd3 Bxa3 26. Rxc6 Qxe3 27. Ne5 Qxf2+ 28. Kxf2 Be6 29. Nc3 Rc8 30. Nxd5 Rxc6 31. Nxc6 Bb2 32. Nf4 Re8 33. d5 Bd7 34. Nd3 Bc3 35. b4 a6 36. a4 a5 37. b5 Kg7 38. Kf1 f5 39. g5 h6 40. h4 hxg5 41. hxg5 Bd2 42. Nb2 Bxg5 43. Nc4 Be3 44. N4e5 Bxc6 45. bxc6 Bf4 46. Nc4 Rb8 47. d6 b5 48. c7 Rh8 49. axb5 a4 50. b6 a3 51. Nxa3 Bxd6 52. Nb5 1-0


[Site "https://www.chess.com"]

[Event "Titled Tuesday Blitz February 21 Early 2023"]
[White "Skliarov, Viktor"]
[Black "Bethke, Richard"]
[WhiteFideId "14106736"]
[BlackFideId "12959243"]
[WhiteElo "2383"]
[BlackElo "2382"]
[Result "1-0"]
[Round "10"]
[TimeControl "180+2"]
[Date "2023.02.21"]
[WhiteClock "0:00:10"]
[BlackClock "0:00:11"]

1. e4 c6 2. d4 d5 3. e5 Bf5 4. Nf3 e6 5. Be2 Nd7 6. O-O h5 7. a4 h4 8. h3 Be7 9. a5 Nh6 10. a6 b6 11. Na3 g5 12. Nh2 f6 13. exf6 Bxf6 14. c4 Qc7 15. Bh5+ Kf8 16. cxd5 cxd5 17. Nb5 Qc6 18. Be2 e5 19. Ra3 Qc2 20. Qxc2 Bxc2 21. Rc3 Bf5 22. Rc7 exd4 23. Nxa7 Ke7 24. b3 Kd8 25. Rb7 d3 26. Bf3 Be4 27. Rd1 Nf5 28. Ng4 Nd6 29. Nxf6 Nxb7 30. axb7 Rxa7 31. Nxd7 Kxd7 32. Bg4+ Kc7 33. Bc8 Ra1 34. Bf4+ gxf4 35. Rxa1 d2 36. Rd1 Rg8 37. Rxd2 Rxg2+ 38. Kf1 Rh2 39. Ra2 f3 40. Ke1 Rh1+ 41. Kd2 Rf1 42. Ra8 Rxf2+ 43. Ke3 Re2+ 44. Kd4 f2 45. b8=Q+ Kd8 46. Bg4+ Ke7 47. Qe5+ Kf7 48. Ra7+ 1-0


[Site "https://www.chess.com"]

[Event "Titled Tuesday Blitz February 21 Early 2023"]
[White "Tan, Jun Ying"]
[Black "Golubev, Mikhail"]
[WhiteFideId "5710413"]
[BlackFideId "14100983"]
[WhiteElo "2307"]
[BlackElo "2461"]
[Result "0-1"]
[Round "10"]
[TimeControl "180+2"]
[Date "2023.02.21"]
[WhiteClock "0:00:07"]
[BlackClock "0:00:14"]

1. d4 Nf6 2. c4 g6 3. Nc3 Bg7 4. e4 d6 5. Nf3 O-O 6. Be2 e5 7. O-O Nc6 8. d5 Ne7 9. b4 Ne8 10. c5 f5 11. Nd2 Nf6 12. a4 f4 13. Nc4 g5 14. f3 h5 15. Ba3 Ng6 16. b5 dxc5 17. Bxc5 Rf7 18. Qe1 g4 19. Rd1 Bf8 20. Bxf8 Qxf8 21. d6 Be6 22. Qf2 Rc8 23. Nd5 Bxd5 24. exd5 cxd6 25. Qxa7 Rg7 26. Kh1 Nh4 27. Rc1 gxf3 28. gxf3 Rg2 29. Rg1 Qg7 30. Bf1 Rxg1+ 31. Qxg1 Qxg1+ 32. Kxg1 Nxf3+ 33. Kf2 Nd2 34. Rc2 Nxf1 35. Kxf1 Nxd5 36. Rd2 Rxc4 37. Rxd5 Rxa4 38. Rxd6 Rb4 39. Rb6 e4 40. Rxb7 Rb1+ 41. Kg2 Rb2+ 42. Kg1 e3 43. Rb8+ Kg7 44. b6 f3 45. Rb7+ Kg6 0-1


[Site "https://www.chess.com"]

[Event "Titled Tuesday Blitz February 21 Early 2023"]
[White "Kubicka, Anna"]
[Black "Aydincelebi, Kagan"]
[WhiteFideId "1152254"]
[BlackFideId "6361102"]
[WhiteElo "2240"]
[BlackElo "2280"]
[Result "0-1"]
[Round "10"]
[TimeControl "180+2"]
[Date "2023.02.21"]
[WhiteClock "0:00:07"]
[BlackClock "0:00:16"]

1. e4 c5 2. Ne2 Nc6 3. g3 Nf6 4. Bg2 d5 5. exd5 Nxd5 6. O-O e6 7. Nbc3 Nxc3 8. Nxc3 Be7 9. d3 O-O 10. Be3 Nd4 11. Ne2 Rb8 12. c3 Nxe2+ 13. Qxe2 b6 14. d4 Qc7 15. Rad1 cxd4 16. Bxd4 Bd6 17. Qd2 Ba6 18. Rfe1 e5 19. Be3 Rbd8 20. Qd5 Bc4 21. Qe4 Bxa2 22. Ra1 Be6 23. Qb7 Rd7 24. Rxa7 Qxb7 25. Rxb7 Rxb7 26. Bxb7 Rb8 27. Bc6 Bb3 28. Ra1 Bf8 29. Ra8 Rxa8 30. Bxa8 Bc5 31. Bxc5 bxc5 32. Kg2 f5 33. Kf3 Kf7 34. Ke3 Ke6 35. Kd3 e4+ 36. Ke3 Ke5 37. f3 exf3 38. Bxf3 g5 39. Bc6 h6 40. Be8 f4+ 41. gxf4+ gxf4+ 42. Kf2 Ke4 43. Bg6+ Ke5 44. Bd3 Bd5 45. Be2 c4 46. Bf1 Be6 47. Bg2 Bf7 48. Bc6 Kd6 49. Bb7 Bh5 50. Be4 Ke5 51. Bc6 Bg6 52. Bb7 Be4 53. Ba6 Bd5 54. Bc8 Ke4 55. Bg4 Kd3 56. Bf5+ Kd2 57. Bd7 Kc2 58. Bg4 Kxb2 59. Bf3 Bxf3 60. Kxf3 Kxc3 61. Kxf4 Kd4 62. Kf5 c3 63. Kg6 c2 64. Kxh6 c1=Q+ 65. Kh5 Ke5 66. h4 Kf6 0-1


[Site "https://www.chess.com"]

[Event "Titled Tuesday Blitz February 21 Early 2023"]
[White "Al-Tarboush, Ward"]
[Black "Degenbaev, Aziz"]
[WhiteFideId "7601450"]
[BlackFideId "13802640"]
[WhiteElo "2256"]
[BlackElo "2203"]
[Result "1-0"]
[Round "10"]
[TimeControl "180+2"]
[Date "2023.02.21"]
[WhiteClock "0:02:22"]
[BlackClock "0:01:51"]

1. e4 e6 2. d4 d5 3. exd5 exd5 4. Bd3 Nc6 5. Nf3 Bg4 6. c3 Bd6 7. O-O Nge7 8. Re1 Qd7 9. Nbd2 O-O-O 10. b4 Rde8 11. Nb3 f6 12. b5 Nd8 13. Nc5 Bxc5 14. dxc5 c6 15. Qa4 cxb5 16. Qxa7 Nec6 17. Qa8+ Nb8 18. Bf4 Nc6 19. Bxb5 Bxf3 20. Bxb8 1-0


[Site "https://www.chess.com"]

[Event "Titled Tuesday Blitz February 21 Early 2023"]
[White "Yeritsyan, Hayk"]
[Black "Pajeken, Jakob Leon"]
[WhiteFideId "13307320"]
[BlackFideId "12942839"]
[WhiteElo "2241"]
[BlackElo "2417"]
[Result "1-0"]
[Round "10"]
[TimeControl "180+2"]
[Date "2023.02.21"]
[WhiteClock "0:02:09"]
[BlackClock "0:01:57"]

1. d4 d5 2. Nf3 Nf6 3. e3 e6 4. Bd3 Bd6 5. Nbd2 O-O 6. Qe2 b6 7. e4 dxe4 8. Nxe4 Bb7 9. Nxf6+ Qxf6 10. Bg5 Bxf3 11. Qe3 Bf4 12. Bxf4 Bxg2 13. Rg1 Nc6 14. Rxg2 Qxd4 15. Qxd4 Nxd4 16. O-O-O c5 17. c3 Nf5 18. Bxf5 exf5 19. Bh6 1-0


[Site "https://www.chess.com"]

[Event "Titled Tuesday Blitz February 21 Early 2023"]
[White "Maksimenko, Viktor"]
[Black "Bambino Filho, Antonio Carlos"]
[WhiteFideId "13710478"]
[BlackFideId "2113163"]
[WhiteElo "2196"]
[BlackElo "2144"]
[Result "1-0"]
[Round "10"]
[TimeControl "180+2"]
[Date "2023.02.21"]
[WhiteClock "0:00:06"]
[BlackClock "0:00:02"]

1. d4 Nf6 2. c4 c5 3. d5 e6 4. Nf3 exd5 5. cxd5 d6 6. e4 g6 7. Bd3 Bg7 8. O-O O-O 9. h3 a6 10. a4 Re8 11. Nbd2 Nbd7 12. Re1 Rb8 13. Nc4 Nb6 14. Na3 c4 15. Bc2 Qc7 16. Bf4 Nbd7 17. Nd4 Ne5 18. Rc1 Bd7 19. Bb1 b5 20. axb5 axb5 21. b4 Qb7 22. Qd2 Ra8 23. Rc3 h5 24. Be3 Nd3 25. Bxd3 cxd3 26. f3 Nxd5 27. exd5 Rxe3 28. Qxe3 Re8 29. Qxe8+ Bxe8 30. Rxe8+ Kh7 31. Rxd3 Qxd5 32. Nac2 Qc4 33. Ree3 d5 34. Rc3 Qa2 35. Nxb5 Qb1+ 36. Kh2 Qd1 37. f4 d4 38. Nbxd4 Bxd4 39. Rcd3 Qxc2 40. Rxd4 Qc1 41. Red3 h4 42. f5 g5 43. b5 Qb2 44. Rd5 f6 45. Rd2 Qb4 46. Kg1 Qb1+ 47. Kf2 Qb4 48. Ke3 Qf4+ 49. Kd3 Qb4 50. Ke2 Qc4+ 51. Ke1 Qe4+ 52. Kf1 Qf4+ 53. Kg1 Qb4 54. Kh1 Qb1+ 55. Rd1 Qb4 56. Rd6 Kg7 57. b6 Qb3 58. Rf1 g4 59. hxg4 h3 60. Rf2 Qg3 61. Rd7+ Kh6 62. Rdd2 Kg5 63. gxh3 Qxh3+ 64. Kg1 Qf3 65. Rxf3 1-0


[Site "https://www.chess.com"]

[Event "Titled Tuesday Blitz February 21 Early 2023"]
[White "Mazurkiewicz, Michal"]
[Black "Aggelis, Nikolaos"]
[WhiteFideId "1124943"]
[BlackFideId "4213220"]
[WhiteElo "2145"]
[BlackElo "2270"]
[Result "1-0"]
[Round "10"]
[TimeControl "180+2"]
[Date "2023.02.21"]
[WhiteClock "0:01:37"]
[BlackClock "0:01:15"]

1. e4 c6 2. d3 d5 3. Nd2 g6 4. Ngf3 Bg7 5. g3 e5 6. Bg2 Nd7 7. O-O Ngf6 8. Re1 dxe4 9. dxe4 O-O 10. Nc4 Qc7 11. Qd6 Qxd6 12. Nxd6 Ne8 13. Nxc8 Rxc8 14. Bh3 Rc7 15. Rd1 Nc5 16. Re1 Nd6 17. Nd2 Bh6 18. Bg2 Ne6 19. Nb3 Nc4 20. Bxh6 Rd8 21. Bc1 a5 22. Bf1 Nd6 23. Be3 a4 24. Nc5 Nd4 25. Bxd4 exd4 26. e5 Nf5 27. e6 Rd6 28. exf7+ Kxf7 29. Bc4+ Kf6 30. Ne4+ Ke5 31. f4# 1-0


[Site "https://www.chess.com"]

[Event "Titled Tuesday Blitz February 21 Early 2023"]
[White "Poeta, Caio Medeiros"]
[Black "Maltsevskaya, Aleksandra"]
[WhiteFideId "2142660"]
[BlackFideId "24174041"]
[WhiteElo "2088"]
[BlackElo "2390"]
[Result "0-1"]
[Round "10"]
[TimeControl "180+2"]
[Date "2023.02.21"]
[WhiteClock "0:00:06"]
[BlackClock "0:00:08"]

1. d4 Nf6 2. c4 g6 3. Nc3 Bg7 4. e4 d6 5. f3 O-O 6. Be3 Nc6 7. Nge2 a6 8. Qd2 Na5 9. Nc1 Nd7 10. Be2 c5 11. O-O Nc6 12. Nb3 cxd4 13. Nxd4 Nxd4 14. Bxd4 Bxd4+ 15. Qxd4 Qb6 16. Qxb6 Nxb6 17. b3 Be6 18. Rac1 a5 19. Nd5 Bxd5 20. cxd5 Rfc8 21. Bb5 Kg7 22. Kf2 f5 23. Ke3 Kf6 24. Kd4 Rxc1 25. Rxc1 Rc8 26. Rxc8 Nxc8 27. a3 e5+ 28. dxe6 Kxe6 29. Bc4+ Ke7 30. Bg8 fxe4 31. fxe4 h6 32. Bd5 b6 33. Kc4 Kd7 34. Kb5 Kc7 35. Kc4 Ne7 36. Be6 g5 37. Kd4 Kc6 38. a4 Ng6 39. Bf7 Nf4 40. g3 Ne2+ 41. Kd3 Nc1+ 42. Kd4 Ne2+ 43. Kd3 Nc1+ 44. Kc4 Kd7 45. b4 axb4 46. Kxb4 Nd3+ 47. Kb5 Kc7 48. Bd5 Ne5 49. Kb4 Ng4 50. h3 Nf2 51. h4 Nh1 52. hxg5 hxg5 53. g4 Nf2 54. Kc4 Nxg4 55. Kd4 Ne5 56. Ke3 Kb8 57. Kd4 Ka7 58. Be6 Ka6 59. Kd5 g4 60. Kxd6 g3 61. Bh3 Ng6 62. e5 Ka5 63. e6 Kxa4 64. e7 Nxe7 65. Kxe7 b5 66. Kd6 b4 67. Kd5 b3 68. Kc4 b2 69. Kd3 b1=Q+ 70. Ke3 Qg1+ 71. Kf3 Qf2+ 72. Kg4 g2 73. Bxg2 Qxg2+ 74. Kf4 Qe2 0-1


[Site "https://www.chess.com"]

[Event "Titled Tuesday Blitz February 21 Early 2023"]
[White "Martynov, Pavel"]
[Black "Kejna, Piotr"]
[WhiteFideId "4101260"]
[BlackFideId "21821704"]
[WhiteElo "2414"]
[BlackElo "2027"]
[Result "0-1"]
[Round "10"]
[TimeControl "180+2"]
[Date "2023.02.21"]
[WhiteClock "0:00:16"]
[BlackClock "0:00:11"]

1. e4 c5 2. Nf3 d6 3. Bb5+ Bd7 4. Bxd7+ Qxd7 5. O-O Nf6 6. e5 dxe5 7. Nxe5 Qc7 8. d4 cxd4 9. Bf4 Qb6 10. Na3 Nc6 11. Nac4 Qc5 12. b4 Nxb4 13. Re1 e6 14. Qf3 Nbd5 15. Bc1 b5 16. Ba3 b4 17. Bb2 Be7 18. Rad1 O-O 19. Bxd4 Qc7 20. g4 h6 21. h4 Nh7 22. Qg3 f6 23. g5 hxg5 24. hxg5 fxe5 25. Nxe5 Nxg5 26. Qg4 Qxc2 27. Ng6 Qxg6 28. Be5 Qf5 29. Qg2 Nf3+ 0-1


[Site "https://www.chess.com"]

[Event "Titled Tuesday Blitz February 21 Early 2023"]
[White "Abdilkhair, Abilmansur"]
[Black "Pinheiro, Iung Alicio de O."]
[WhiteFideId "13716417"]
[BlackFideId "2104350"]
[WhiteElo "2268"]
[BlackElo "2306"]
[Result "0-1"]
[Round "10"]
[TimeControl "180+2"]
[Date "2023.02.21"]
[WhiteClock "0:00:08"]
[BlackClock "0:00:09"]

1. d4 Nf6 2. c4 e6 3. Nc3 Bb4 4. Qb3 a5 5. a3 Bxc3+ 6. Qxc3 a4 7. f3 d6 8. e4 Nc6 9. Be3 e5 10. Ne2 h6 11. Rd1 Qe7 12. d5 Na5 13. c5 Nb3 14. cxd6 cxd6 15. Nc1 Nxc1 16. Rxc1 O-O 17. Bb5 Bd7 18. Qb4 Bxb5 19. Qxb5 Nxe4 20. fxe4 Qh4+ 21. Kd2 Qxe4 22. Rhg1 f5 23. Qd3 Qh4 24. h3 Rae8 25. Rc4 f4 26. Bb6 Qg5 27. Kc2 f3 28. Rg4 Qf5 29. Qxf5 Rxf5 30. gxf3 Re7 31. R4g3 Ref7 32. Rf1 Kh7 33. Rf2 e4 34. Kd2 Rxd5+ 35. Ke3 Rb5 36. Bd4 Rb3+ 37. Kd2 Rd3+ 38. Ke2 Rxd4 39. fxe4 Rxe4+ 40. Kf1 Ref4 41. Rxf4 Rxf4+ 42. Kg2 Rd4 43. Rc3 Rd2+ 44. Kg3 Rxb2 45. Rc4 Rb3+ 46. Kg4 Rxa3 47. Rc7 Rb3 48. Rd7 a3 49. Rxd6 a2 50. Rd1 Rb1 0-1


[Site "https://www.chess.com"]

[Event "Titled Tuesday Blitz February 21 Early 2023"]
[White "Andrews, Todd"]
[Black "Bews, Steven"]
[WhiteFideId "2012456"]
[BlackFideId "2400529"]
[WhiteElo "2220"]
[BlackElo "2295"]
[Result "0-1"]
[Round "10"]
[TimeControl "180+2"]
[Date "2023.02.21"]
[WhiteClock "0:00:10"]
[BlackClock "0:02:09"]

1. e4 e5 2. Nf3 Nf6 3. d4 Nxe4 4. Bd3 d5 5. dxe5 Nc5 6. O-O Be7 7. Bf4 c6 8. Nc3 O-O 9. h3 Nbd7 10. Nd4 f6 11. e6 Ne5 12. Qh5 Nexd3 13. cxd3 Nxe6 14. Nxe6 Bxe6 15. Rfe1 Bf7 16. Qg4 Re8 17. Re3 Qc8 18. Qh4 d4 19. Rg3 dxc3 20. Bh6 Bg6 21. Re1 gxh6 22. Qxh6 Bf8 23. Rxg6+ hxg6 24. Qxg6+ Bg7 25. Rc1 cxb2 26. Rb1 Qe6 27. Rxb2 Qe1+ 0-1


[Site "https://www.chess.com"]

[Event "Titled Tuesday Blitz February 21 Early 2023"]
[White "UNSTOPPABLE_LEGEND"]
[Black "Balla, Tamas-Kristof"]
[BlackFideId "1208497"]
[WhiteElo "2437"]
[BlackElo "2303"]
[Result "0-1"]
[Round "10"]
[TimeControl "180+2"]
[Date "2023.02.21"]
[WhiteClock "0:00:24"]
[BlackClock "0:00:53"]

1. d4 d5 2. c4 e6 3. Nc3 c5 4. cxd5 exd5 5. Nf3 Nc6 6. g3 Nf6 7. Bg2 cxd4 8. Nxd4 Bc5 9. Nxc6 bxc6 10. O-O O-O 11. Qc2 Bb6 12. Na4 Qc7 13. Bf4 Qd7 14. Nc5 Bxc5 15. Qxc5 Re8 16. Rfe1 Ne4 17. Qc2 Bb7 18. Red1 Qe6 19. b4 Rad8 20. Rac1 d4 21. Qc4 Qxc4 22. Rxc4 Nc3 23. Ra1 Nxe2+ 24. Kh1 Nxf4 25. gxf4 d3 26. Bf3 d2 27. Kg2 Re1 28. Rd1 c5 29. Bxb7 Rxd1 30. Bf3 Rc1 31. Re4 cxb4 32. Rxb4 d1=Q 33. Bxd1 Rcxd1 34. Ra4 R1d4 35. Rxa7 Rxf4 36. Re7 Ra4 37. Re2 h6 38. h3 Rda8 39. Re3 Rxa2 40. Rf3 R2a3 41. Rf4 R8a6 42. Kh2 Rg6 43. h4 Rf6 44. Rxf6 gxf6 45. Kg2 Kg7 46. f3 Kg6 47. Kg3 Ra5 48. Kg4 h5+ 49. Kf4 Ra4+ 50. Kg3 Kf5 51. Kh3 Kf4 52. Kg2 Ra2+ 53. Kh3 Ra3 54. Kg2 Rxf3 55. Kh2 Ra3 56. Kg2 Ra2+ 57. Kh3 Ra4 58. Kg2 Kg4 59. Kh2 Ra2+ 60. Kg1 Kf3 61. Kf1 Ra1# 0-1


[Site "https://www.chess.com"]

[Event "Titled Tuesday Blitz February 21 Early 2023"]
[White "Kalajzic, Ivan"]
[Black "Parpiev, Isaak"]
[WhiteFideId "14506378"]
[BlackFideId "34281576"]
[WhiteElo "2062"]
[BlackElo "2167"]
[Result "1-0"]
[Round "10"]
[TimeControl "180+2"]
[Date "2023.02.21"]
[WhiteClock "0:00:14"]
[BlackClock "0:00:03"]

1. b3 Nf6 2. Bb2 e6 3. e3 d5 4. Nf3 Be7 5. d4 O-O 6. Bd3 c5 7. Nbd2 Nc6 8. a3 Qc7 9. O-O b6 10. dxc5 bxc5 11. e4 Bb7 12. exd5 exd5 13. Re1 Rfe8 14. Ne5 Nxe5 15. Bxe5 Qc6 16. Qf3 a6 17. Qf5 g6 18. Qh3 Bf8 19. Nf3 Bg7 20. Qh4 Ne4 21. Bxg7 Kxg7 22. Bxe4 dxe4 23. Nd2 e3 24. Nf3 Re4 25. Qg3 e2 26. Nd2 Re6 27. Qc3+ Kg8 28. f3 Rae8 29. Ne4 Rxe4 30. fxe4 Qxe4 31. Qf3 Qd4+ 32. Qf2 Qe4 33. Qf3 Qd4+ 34. Qf2 Qd5 35. Rac1 Qg5 36. c4 h5 37. Rc2 h4 38. Rcxe2 Rxe2 39. Qxe2 h3 40. Qe8+ Kh7 41. Qxf7+ Kh6 42. Qf2 Bxg2 43. Qe3 Qxe3+ 44. Rxe3 g5 45. Re5 g4 46. Rxc5 Be4 47. b4 1-0


[Site "https://www.chess.com"]

[Event "Titled Tuesday Blitz February 21 Early 2023"]
[White "Topalov, Aleksandar"]
[Black "Santos Flores, Alberto"]
[WhiteFideId "925659"]
[BlackFideId "3601234"]
[WhiteElo "2233"]
[BlackElo "2164"]
[Result "0-1"]
[Round "10"]
[TimeControl "180+2"]
[Date "2023.02.21"]
[WhiteClock "0:00:11"]
[BlackClock "0:00:07"]

1. b3 d5 2. Bb2 Bf5 3. Nf3 Nd7 4. g3 h6 5. Bg2 Ngf6 6. O-O e6 7. d3 Be7 8. Nbd2 O-O 9. e3 a5 10. a3 c6 11. Qe2 Bh7 12. Kh1 Nc5 13. Ne5 Nfd7 14. Nxd7 Nxd7 15. e4 Bf6 16. e5 Be7 17. f4 c5 18. a4 Qb8 19. g4 b5 20. axb5 Qxb5 21. f5 Rfb8 22. c4 Qc6 23. cxd5 exd5 24. Ba3 a4 25. bxa4 Rxa4 26. h3 Qa6 27. Bxd5 Rxa3 28. Rxa3 Qxa3 29. e6 Nf6 30. exf7+ Kf8 31. Bc4 Rb2 32. Re1 Qa7 33. Qe3 Qb7+ 34. Kg1 Nd5 35. Bxd5 Qc7 36. Bg2 Kxf7 37. Qe6+ Kf8 38. Nc4 Bg8 39. Qe5 Qxe5 40. Nxe5 Bf7 41. Nd7+ Ke8 42. f6 gxf6 43. Nxf6+ Kd8 44. Nd5 Rxg2+ 45. Kxg2 Bxd5+ 46. Kg3 Kd7 47. h4 Bd6+ 48. Kh3 Be6 49. h5 Be7 50. Re4 Kd6 51. Ra4 Bd7 52. Ra6+ Bc6 53. Ra7 Bg5 54. Ra6 Kd5 55. Kg3 Bd7 56. Ra7 Be6 57. Ra6 Ke5 58. Rc6 Bf4+ 59. Kh3 Kd5 60. Rc7 Bxc7 0-1


[Site "https://www.chess.com"]

[Event "Titled Tuesday Blitz February 21 Early 2023"]
[White "Harsh Suresh"]
[Black "Balabayeva, Xeniya"]
[WhiteFideId "45018464"]
[BlackFideId "13719688"]
[WhiteElo "2298"]
[BlackElo "2191"]
[Result "1-0"]
[Round "10"]
[TimeControl "180+2"]
[Date "2023.02.21"]
[WhiteClock "0:00:20"]
[BlackClock "0:00:02"]

1. e4 c6 2. d3 d5 3. Nd2 g6 4. Ngf3 Bg7 5. g3 e5 6. Bg2 Ne7 7. O-O O-O 8. Re1 Qc7 9. b3 d4 10. a4 c5 11. Ba3 b6 12. Rf1 Nbc6 13. Qe2 Bd7 14. h3 Rae8 15. Kh2 f5 16. exf5 gxf5 17. Nh4 Ng6 18. Qh5 Nxh4 19. Qxh4 Kh8 20. Rae1 Be6 21. Nf3 Bf6 22. Qh5 Ne7 23. Bc1 Bf7 24. Qh6 Bg7 25. Qh4 Ng6 26. Qg5 e4 27. Nh4 Nxh4 28. Qxh4 Bg6 29. dxe4 Bf6 30. Qh6 fxe4 31. Bxe4 Bg7 32. Qh4 Bxe4 33. Rxe4 Rxe4 34. Qxe4 Qf7 35. Kg2 Re8 36. Qf3 Qg6 37. Qd3 Qxd3 38. cxd3 Re2 39. Kf3 Rc2 40. Re1 Kg8 41. h4 Rc3 42. Ke4 Rxb3 43. h5 Kf7 44. g4 h6 45. f4 Rb4 46. g5 Rxa4 47. g6+ Kf8 48. f5 c4 49. f6 Bxf6 50. Bxh6+ Bg7 51. Rf1+ Kg8 52. Bxg7 Kxg7 53. Rf7+ Kh8 54. h6 1-0


[Site "https://www.chess.com"]

[Event "Titled Tuesday Blitz February 21 Early 2023"]
[White "Sharapov, Evgeny"]
[Black "Zaksaite, Salomeja"]
[WhiteFideId "14103133"]
[BlackFideId "12801496"]
[WhiteElo "2375"]
[BlackElo "2283"]
[Result "1-0"]
[Round "10"]
[TimeControl "180+2"]
[Date "2023.02.21"]
[WhiteClock "0:01:03"]
[BlackClock "0:00:01"]

1. e4 c5 2. Nf3 Nc6 3. d4 cxd4 4. Nxd4 Nf6 5. Nc3 e5 6. Ndb5 d6 7. Bg5 a6 8. Na3 b5 9. Nd5 Be7 10. Bxf6 Bxf6 11. c3 O-O 12. Nc2 Rb8 13. a4 bxa4 14. Ncb4 Nxb4 15. cxb4 Bb7 16. Rxa4 Bg5 17. Bxa6 Bc6 18. b5 Bxb5 19. Bxb5 Rxb5 20. b4 Qb8 21. O-O Qb7 22. Qd3 f5 23. f3 fxe4 24. fxe4 Rc8 25. Kh1 h6 26. Qh3 Re8 27. Qf5 Rxd5 28. exd5 Qxd5 29. Ra7 Qc4 30. Qf7+ Qxf7 31. Raxf7 e4 32. Rd7 Re6 33. Re1 e3 34. Re2 Re4 35. Rxd6 Rxb4 36. g3 Rb1+ 37. Kg2 Kh7 38. h4 Be7 39. Rd7 Bc5 40. Rd5 Rc1 41. Kf3 Rc4 42. h5 Kg8 43. Rd7 Kf8 44. Rc7 Rc3 45. Ra2 Bd4 46. Ra8# 1-0


[Site "https://www.chess.com"]

[Event "Titled Tuesday Blitz February 21 Early 2023"]
[White "Eynullayev, Atilla"]
[Black "Manukyan, Sargis A."]
[WhiteFideId "13413570"]
[BlackFideId "13303970"]
[WhiteElo "2281"]
[BlackElo "2158"]
[Result "0-1"]
[Round "10"]
[TimeControl "180+2"]
[Date "2023.02.21"]
[WhiteClock "0:00:01"]
[BlackClock "0:01:07"]

1. d4 d5 2. c4 e6 3. Nc3 Nf6 4. cxd5 exd5 5. Bg5 c6 6. e3 Qb6 7. Rb1 Ne4 8. Nxe4 dxe4 9. Qa4 Bb4+ 10. Kd1 O-O 11. a3 Bd6 12. b4 Be6 13. Ne2 a5 14. b5 cxb5 15. Qxb5 Qxb5 16. Rxb5 Bxa3 17. Rxb7 a4 18. Nc3 Bb3+ 19. Kd2 Nc6 20. Bb5 Rfc8 21. Rb1 h6 22. Bf4 Nb4 23. Bd6 Nc2 0-1


[Site "https://www.chess.com"]

[Event "Titled Tuesday Blitz February 21 Early 2023"]
[White "Mamedov, Edgar"]
[Black "Gatterer, Florian"]
[WhiteFideId "13739980"]
[BlackFideId "811688"]
[WhiteElo "2193"]
[BlackElo "2170"]
[Result "1-0"]
[Round "10"]
[TimeControl "180+2"]
[Date "2023.02.21"]
[WhiteClock "0:02:30"]
[BlackClock "0:02:47"]

1. c4 e6 2. Nc3 d5 3. d4 Nf6 4. cxd5 Nxd5 5. e4 Nxc3 6. bxc3 c5 7. Nf3 cxd4 8. cxd4 Bb4+ 9. Bd2 Bxd2+ 10. Qxd2 O-O 11. Bc4 Nd7 12. O-O b6 13. Rfe1 Bb7 14. Rad1 Rc8 15. Bb3 Re8 16. d5 1-0


[Site "https://www.chess.com"]

[Event "Titled Tuesday Blitz February 21 Early 2023"]
[White "Karttunen, Mika"]
[Black "Delorme, Axel"]
[WhiteFideId "502081"]
[BlackFideId "632023"]
[WhiteElo "2490"]
[BlackElo "2483"]
[Result "1-0"]
[Round "10"]
[TimeControl "180+2"]
[Date "2023.02.21"]
[WhiteClock "0:00:29"]
[BlackClock "0:00:16"]

1. e4 c5 2. Nf3 d6 3. d4 cxd4 4. Nxd4 Nf6 5. Nc3 a6 6. Be3 e5 7. Nb3 Be6 8. f3 Be7 9. Qd2 O-O 10. O-O-O Nbd7 11. g4 b5 12. g5 b4 13. Ne2 Ne8 14. f4 a5 15. Kb1 a4 16. Nbc1 Nb6 17. Bxb6 Qxb6 18. f5 Bc4 19. f6 gxf6 20. gxf6 Bxf6 21. Ng3 Rc8 22. Bh3 Be6 23. Bf5 Ng7 24. Rhg1 Kh8 25. Qh6 Bxf5 26. Nxf5 Qf2 27. Qxf6 Qxc2+ 28. Ka1 Rg8 29. Nxg7 1-0


[Site "https://www.chess.com"]